 Dungeon Crawl Stone Soup version 0.21-a0-538-gd16b88a (webtiles) character file.

9 theanonym the Skirmisher (level 2, 13/24 HPs)
             Began as a Demonspawn Monk on Dec 16, 2017.
             Quit the game on level 1 of the Dungeon.
             The game lasted 00:00:51 (158 turns).

theanonym the Skirmisher (Demonspawn Monk)           Turns: 158, Time: 00:00:53

Health: 13/24      AC:  2    Str: 11    XL:     2   Next: 6%
Magic:  2/2        EV: 13    Int: 11    God:
Gold:   9          SH:  0    Dex: 15    Spells: 1/1 levels left

rFire    . . .     SeeInvis .     - Unarmed
rCold    . . .     Gourm    .   (no shield)
rNeg     . . .     Faith    .   a - +0 robe {0}
rPois    .         Spirit   .   (no helmet)
rElec    .         Reflect  .   (no cloak)
rCorr    .         Harm     .   (no gloves)
MR       .....                  (no boots)
Stlth    ++........             (no amulet)
HPRegen  0.08/turn              (no ring)
MPRegen  0.08/turn              (no ring)

@: no status effects
A: powered by death 1
a: no special abilities


Innate Abilities, Weirdness & Mutations

You regenerate a little health from kills.


   Skills:
 + Level 3.2 Fighting
 - Level 2.6 Dodging
 - Level 1.7 Stealth
 * Level 3.1 Unarmed Combat


You had one spell level left.
You didn't know any spells.

Skill      XL: |  1 |
---------------+----+-----
Unarmed Combat | 3 |  3.1
Fighting       | |  3.2
Dodging        | |  2.6
Stealth        | |  1.7

Action                   || total
-------------------------++-------
Melee: Unarmed           ||    36
 Stab: Sleeping          ||     5
Armor: Robe              ||     3
Dodge: Dodged            ||    26

Inventory:

Armour
 a - a +0 robe (worn) {0}
 c - a +0 leather armour {4}
   (You found it on level 1 of the Dungeon)
Comestibles
 b - 2 chunks of flesh
 e - a bread ration


You were on level 1 of the Dungeon.
You were not hungry.

You visited 1 branch of the dungeon, and saw 1 of its levels.

You collected 9 gold pieces.

Dungeon Overview and Level Annotations

Branches:
Dungeon (1/15)

Altars:

Annotations:
D:1 1 runed door


Message History

A frilled lizard is nearby!
A frilled lizard is nearby!
A frilled lizard is nearby!
The helpless frilled lizard fails to defend itself.
You hit the frilled lizard.
You kill the frilled lizard!
No target in view!
No target in view!
No target in view!
Unknown command.
A rat comes into view.
A rat is nearby!
A rat is nearby!
The helpless rat fails to defend itself.
You hit the rat.
You kill the rat!
No target in view!
No target in view!
Found a leather armour.
A goblin comes into view. It is wielding a dagger.
The goblin shouts!
You hear a shout!
A goblin is nearby!
A goblin is nearby!
A goblin is nearby!
You see here a leather armour {4}.
c - a leather armour {4} No target in view!
No target in view!
No target in view!
No target in view!
No target in view!
A jackal comes into view.
A jackal comes into view.
The jackal barks! x2
A jackal comes into view.
The jackal barks!
You hit the jackal but do no damage. The jackal bites you.
The jackal misses you.
You take 2 damage, and have 16/18 hp.
You hit the jackal. The jackal bites you. The jackal closely misses you. x2
You take 1 damage, and have 15/18 hp.
You closely miss the jackal. The jackal bites you.
The jackal barely misses you. The jackal bites you.
The jackal closely misses you.
You take 5 damage, and have 10/18 hp.
MASSIVE DAMAGE!!
You hit the goblin.
You kill the goblin!
The jackal bites you.
* * * LOW HITPOINT WARNING * * *
You see here a dagger.
You take 1 damage, and have 9/18 hp.
The jackal misses you.
You closely miss the jackal. The jackal barely misses you.
The jackal closely misses you.
You barely miss the jackal.
The jackal bites you but does no damage.
You barely miss the jackal. The jackal barely misses you.
You closely miss the jackal.
The jackal bites you but does no damage.
The jackal closely misses you.
You closely miss the jackal. The jackal closely misses you.
You barely miss the jackal. The jackal closely misses you.
You hit the jackal but do no damage. The jackal barely misses you.
The jackal bites you but does no damage.
You hit the jackal but do no damage. The jackal barely misses you.
You hit the jackal. The jackal barely misses you.
You hit the jackal.
You kill the jackal!
Your Unarmed Combat skill increases to level 3!
You hit the jackal but do no damage. The jackal misses you.
You barely miss the jackal. The jackal bites you.
* * * LOW HITPOINT WARNING * * *
The jackal closely misses you.
You take 1 damage, and have 9/18 hp.
You hit the jackal. The jackal completely misses you.
You barely miss the jackal. The jackal closely misses you.
You hit the jackal. The jackal bites you.
* * * LOW HITPOINT WARNING * * *
The jackal bites you.
* * * LOW HITPOINT WARNING * * *
You take 3 damage, and have 6/18 hp.
You hit the jackal.
You kill the jackal!
You have reached level 2!
Your demonic ancestry asserts itself...
A wave of death washes over you.
You regained 3 hp, and now have 9/24 hp.
MP restored: 2 Unknown command.
You barely miss the jackal. The jackal closely misses you.
The jackal bites you.
* * * LOW HITPOINT WARNING * * *
You take 2 damage, and have 7/24 hp.
You hit the jackal. The jackal misses you.
You hit the jackal.
You kill the jackal!
You start resting.
A gnoll comes into view.
You regained 5 hp, and now have 13/24 hp.
Unknown command.

#............# #
#..####..##..#
....###..####..##..#
..g............##..#
########.#####.##..#
#.# #.##..# #.#
#.....#
#######.#####.##..#
#..).†@.......##..#
#g#####.####..##..#
#.h.#
#.####..#...####
#...#
#...........#..
#...#
######..#.###.##.
..... #.>#.##....
....... ....#.##..#
....... ###.##.##..#
###...### #.##.....#


You could see a gnoll (wandering).

Notes
Turn   | Place    | Note
-------+----------+-------------------------------------------
     0 | D:1      | theanonym the Demonspawn Monk began the quest for the Orb.
     0 | D:1      | Reached XP level 1. HP: 18/18 MP: 1/1
     0 | D:1      | Noticed a jelly
     1 | D:1      | Found a runed door.
   115 | D:1      | HP: 9/18 [jackal (1)]
   128 | D:1      | Reached skill level 3 in Unarmed Combat
   130 | D:1      | HP: 9/18 [jackal (1)]
   134 | D:1      | Gained mutation: You regenerate a little health from kills. [demonic ancestry]
   134 | D:1      | Reached XP level 2. HP: 9/24 MP: 2/2
   135 | D:1      | HP: 7/24 [jackal (2)]
   158 | D:1      | Quit the game

Vanquished Creatures
  A goblin (D:1)
  3 jackals (D:1)
  2 bats (D:1)
  2 frilled lizards (D:1)
  2 rats (D:1)
10 creatures vanquished.

Table legend:
 A = Turns spent in this place as a percentage of turns spent in the entire game.
 B = Non-inter-level travel turns spent in this place as a percentage of non-inter-level travel turns spent in the entire game.
 C = Inter-level travel turns spent in this place as a percentage of turns spent in this place.
 D = Turns resting spent in this place as a percentage of non-inter-level travel turns spent in this place.
 E = Turns spent auto-exploring this place as a percentage of non-inter-level travel turns spent in this place.
 F = Non-inter-level travel turns spent in this place divided by the number of levels of this place that you've seen.
                   A       B       C       D       E      F
               +-------+-------+-------+-------+-------+----------------------
         Total | 100.0 | 100.0 |   0.0 |  36.7 |  22.8 | 158.0
       Dungeon | 100.0 | 100.0 |   0.0 |  36.7 |  22.8 | 158.0
               +-------+-------+-------+-------+-------+----------------------
